 Dungeon Crawl Stone Soup version 0.18.1-5-g4a78601 (webtiles) character file.

9235 Gargoyl the Protected (level 11, -5/84 HPs)
             Began as a Demonspawn Abyssal Knight on May 13, 2016.
             Was a High Priest of Lugonu.
             Killed by nerve-wracking pain
             ... invoked by an orc priest
              (6 damage)
             ... while paralysed by an orc sorcerer
             ... on level 2 of the Orcish Mines on May 14, 2016.
             The game lasted 00:21:50 (10069 turns).

Gargoyl the Protected (Demonspawn Abyssal Knight)  Turns: 10069, Time: 00:21:50

Health: -5/84      AC: 14    Str: 15    XL:     11   Next: 20%
Magic:  22/22      EV:  2    Int: 15    God:    Lugonu [*****.]
Gold:   1137       SH:  0    Dex: 10    Spells: 0 memorised, 10 levels left

rFire  . . .     SeeInvis .     F - +2 war axe (elec)
rCold  . . .     Gourm    .     d - +0 plate armour
rNeg   . . .     Faith    .     K - +0 large shield
rPois  .         Spirit   .     (no helmet)
rElec  .         Dismiss  .     C - +2 cloak
rCorr  .         Reflect  +     A - +2 pair of gloves
SustAt .         Harm     .     G - +1 pair of boots
MR     .....     Clarity  +     m - +4 amulet of reflection
Stlth  ..........               t - ring of magical power
                                e - +2 ring of evasion

@: paralysed, corroded, drained, not resistant to hostile enchantments,
extremely unstealthy
A: claws 1, large bone plates 2, clarity, clumsy 1, powered by death 1, spiny 2,
wild magic 1
a: Depart the Abyss, Bend Space, Banish, Corrupt, Enter the Abyss, Renounce
Religion


You were on level 2 of the Orcish Mines.
You worshipped Lugonu.
Lugonu was extremely pleased with you.
You were not hungry.

You visited 2 branches of the dungeon, and saw 12 of its levels.
You visited the Abyss 1 time.

You collected 1200 gold pieces.
You spent 63 gold pieces at shops.

Inventory:

Hand Weapons
 j - a +0 flail
 D - the +11 trident "Roby" {speed, rElec Dex+3}
   (You found it on level 9 of the Dungeon)

   Attacks with this weapon are significantly faster.
   It affects your dexterity (+3).
   It insulates you from electricity.
 F - a +2 war axe of electrocution (weapon)
 I - a +0 broad axe
Missiles
 H - 7 tomahawks (quivered)
Armour
 d - a +0 plate armour (worn)
 A - a +2 pair of gloves (worn)
 C - a +2 cloak (worn)
 G - a +1 pair of boots (worn)
 K - a +0 large shield (worn)
Jewellery
 e - a +2 ring of evasion (left hand)
 k - the amulet of the Devil {Dismiss rN+, unknown}
   (You found it on level 9 of the Dungeon)

   [amulet of dismissal]

   It may teleport away creatures that harm you.
   It protects you from negative energy.
 m - a +4 amulet of reflection (around neck)
 t - a ring of magical power (right hand)
 v - an uncursed ring of fire
Wands
 y - a wand of enslavement (11/24)
 E - a wand of digging (13/24)
Scrolls
 a - a scroll of fog
 o - 7 scrolls of teleportation
 s - 2 scrolls of remove curse
 J - a scroll of amnesia
 L - a scroll of identify
Potions
 b - a potion of berserk rage
 g - 2 potions of cancellation {unknown}
 i - 3 potions of degeneration {unknown}
 l - a potion of ambrosia {unknown}
 n - 2 potions of haste {unknown}
 p - 3 potions of brilliance {unknown}
 q - 2 potions of heal wounds {unknown}
 r - a potion of resistance {unknown}
 u - 3 potions of might {unknown}
 w - a potion of invisibility
 B - a potion of flight {unknown}
Comestibles
 c - 8 bread rations
 f - 3 meat rations
 h - a chunk of flesh
 x - 2 royal jellies
 z - 8 slices of pizza


   Skills:
 + Level 7.3(6.6) Fighting
 + Level 7.3(6.7) Axes
 * Level 9.7(9.0) Armour
 + Level 2.4(1.8) Dodging
 + Level 8.7(8.1) Shields
 + Level 2.8(2.3) Invocations


You had 10 spell levels left.
You didn't know any spells.

Dungeon Overview and Level Annotations

Branches:
Dungeon (10/15)            Temple (0/1) D:5            Lair (0/8) D:9
    Orc (2/2) D:9             Elf (0/3) Orc:2

Altars:
Cheibriados
Fedhas
Kikubaaqudgha
Makhleb
Ru
Vehumet
Xom
The Shining One
Beogh

Shops:
D:4 [


Innate Abilities, Weirdness & Mutations

You have sharp fingernails.
You are mostly covered in large bone plates (AC +3, SH +3).
You regenerate a little health from kills.
You are mostly covered in sharp spines.
You possess an exceptional clarity of mind.
You are clumsy. (Dex -2)
Your spells are a little harder to cast, but a little more powerful.


Message History

The orc sorcerer points at you and mumbles some strange words.
You suddenly lose the ability to move!
The hellwing hits you but does no damage. x2
The sixfirhy hits you. The sixfirhy shocks you!
* * * LOW HITPOINT WARNING * * *
The sixfirhy is struck by your spines.
The sixfirhy hits you but does no damage. x2
The rust devil is struck by your spines.
The rust devil hits you. The rust devil corrodes you!
The orc sorcerer hits you but does no damage.
The hellwing hits you but does no damage. x2
The rust devil disappears in a puff of smoke!
The orc sorcerer casts a spell at you.
Helpless, you fail to dodge the bolt of negative energy.
You feel drained.
* * * LOW HITPOINT WARNING * * *
The hellwing hits you but does no damage. x2
The orc priest mumbles some strange prayers to Beogh against you.
Pain shoots through your body!
You die...

### ##################
#...#.#......#.#..#..##
......................#
..............<......#..
...............4@.......
...............4§o...#.## .
................o..####.#..
........#...........#....
........................
....................#.##
.......................#
................#.###
.................##.###


You could see a hellwing, a sixfirhy, an orc sorcerer and an orc priest.

Vanquished Creatures
  The ghost of subsebi the Cleaver, a novice DsCK of Xom (D:7)
  An orc knight (Orc:2)
  An orc sorcerer (Orc:1)
  The ghost of Gottschkopf the Zephyrmancer, a novice DEAE of Vehumet (D:8)
  3 trolls
  5 slime creatures (D:8)
  A wyvern (D:10)
  A human (D:9)
  2 hungry ghosts (D:8)
  The ghost of Gargoyl the Skirmisher, an amateur DsAK of Lugonu (D:3)
  5 wargs
  11 orc warriors
  3 ice beasts
  A sky beast (D:4)
  8 ogres
  A phantom (D:7)
  A big kobold (D:10)
  A giant frog (D:8)
  A wyvern skeleton (D:9)
  3 scorpions
  6 killer bees
  3 wights (D:9)
  4 crimson imps
  A giant frog zombie (D:7)
  A centaur zombie (D:8)
  A jelly (D:9)
  6 hounds
  8 orc priests
  A gnoll shaman (Orc:1)
  19 orc wizards
  2 iguanas (D:8)
  5 worker ants
  A hound skeleton (D:4)
  8 gnolls
  6 adders
  4 shadow imps
  An ooze (D:2)
  2 adder zombies (D:8)
  An adder skeleton (D:8)
  2 worms
  2 dart slugs
  6 giant geckos
  41 orcs
  5 giant cockroaches
  10 goblins
  9 hobgoblins
  11 jackals
  3 quokkas
  11 bats
  7 giant newts
  14 kobolds
  A quokka skeleton (D:4)
  5 rats
259 creatures vanquished.

Vanquished Creatures (others)
  A centaur (D:8)
1 creature vanquished.

Grand Total: 260 creatures vanquished

Notes
Turn   | Place    | Note
--------------------------------------------------------------
     0 | Abyss:1  | Gargoyl the Demonspawn Abyssal Knight began the quest for the Orb.
     0 | Abyss:1  | Reached XP level 1. HP: 18/18 MP: 2/2
    36 | Abyss:2  | Noticed a chaos spawn
    54 | D:1      | Escaped the Abyss
   602 | D:1      | Reached skill level 2 in Armour
   649 | D:1      | Reached * piety under Lugonu
   649 | D:1      | Gained mutation: You are partially covered in large bone plates (AC +2, SH +2). [demonic ancestry]
   649 | D:1      | Reached XP level 2. HP: 24/24 MP: 4/4
  1139 | D:2      | Gained mutation: You are mostly covered in large bone plates (AC +3, SH +3). [demonic ancestry]
  1139 | D:2      | Reached XP level 3. HP: 27/29 MP: 5/5
  1306 | D:2      | Reached ** piety under Lugonu
  1551 | D:3      | Gained mutation: You are partially covered in sharp spines. [demonic ancestry]
  1551 | D:3      | Reached XP level 4. HP: 37/37 MP: 6/6
  1699 | D:3      | Noticed Gargoyl's ghost (amateur DsAK)
  2056 | D:4      | Noticed a sky beast
  2069 | D:4      | Killed a sky beast
  2069 | D:4      | Reached skill level 3 in Armour
  2069 | D:4      | Reached skill level 1 in Dodging
  2069 | D:4      | Reached skill level 1 in Shields
  2069 | D:4      | Gained mutation: You are mostly covered in sharp spines. [demonic ancestry]
  2069 | D:4      | Reached XP level 5. HP: 3/42 MP: 7/7
  2084 | D:4      | Gained mutation: Your spells are a little harder to cast, but a little more powerful. [mutagenic meat]
  2085 | D:4      | Gained mutation: You possess an exceptional clarity of mind. [mutagenic meat]
  2086 | D:4      | Gained mutation: You are clumsy. (Dex -2) [mutagenic meat]
  2383 | D:4      | Found Ferery's Armour Emporium.
  2394 | D:4      | Bought a +0 shield for 63 gold pieces
  2461 | D:4      | Gained mutation: You have sharp fingernails. [demonic ancestry]
  2461 | D:4      | Reached XP level 6. HP: 48/48 MP: 8/8
  2462 | D:4      | Reached skill level 4 in Armour
  2476 | D:4      | Found a burning altar of Makhleb.
  3035 | D:4      | Found a sacrificial altar of Ru.
  3223 | D:3      | Reached *** piety under Lugonu
  3675 | D:3      | Killed Gargoyl's ghost
  3675 | D:3      | Reached XP level 7. HP: 38/55 MP: 9/9
  3836 | D:3      | Reached skill level 5 in Armour
  4329 | D:5      | Entered Level 5 of the Dungeon
  4669 | D:5      | Found a staircase to the Ecumenical Temple.
  5341 | D:6      | Reached **** piety under Lugonu
  5682 | D:6      | Reached XP level 8. HP: 61/61 MP: 10/10
  5983 | D:7      | Reached skill level 6 in Armour
  5988 | D:7      | Reached skill level 5 in Fighting
  6290 | D:7      | Noticed subsebi's ghost (novice DsCK)
  6298 | D:7      | Killed subsebi's ghost
  6298 | D:7      | Reached skill level 5 in Shields
  6305 | D:7      | Reached skill level 7 in Armour
  6305 | D:7      | Gained mutation: You regenerate a little health from kills. [demonic ancestry]
  6305 | D:7      | Reached XP level 9. HP: 60/68 MP: 11/11
  6725 | D:8      | Noticed Gottschkopf's ghost (novice DEAE)
  6731 | D:8      | Killed Gottschkopf's ghost
  6891 | D:8      | Reached skill level 5 in Axes
  7008 | D:8      | Reached skill level 8 in Armour
  7055 | D:8      | You fall through a shaft for 2 floors!
  7055 | D:10     | Entered Level 10 of the Dungeon
  7149 | D:9      | Found an ancient bone altar of Kikubaaqudgha.
  7267 | D:9      | Found a glowing golden altar of the Shining One.
  7355 | D:8      | Found a radiant altar of Vehumet.
  7355 | D:8      | Found a shimmering altar of Xom.
  7411 | D:8      | Reached XP level 10. HP: 47/76 MP: 12/12
  7939 | D:9      | Found a blossoming altar of Fedhas.
  7946 | D:9      | Found a snail-covered altar of Cheibriados.
  8257 | D:9      | Found a staircase to the Orcish Mines.
  8296 | D:9      | Got a crude trident
  8297 | D:9      | Identified the +11 trident "Roby" {speed, rElec Dex+3} (You found it on level 9 of the Dungeon)
  8363 | D:9      | Got a sparkling jade amulet
  8393 | D:9      | Found a sacrificial altar of Ru.
  8447 | D:9      | Found a staircase to the Lair.
  8457 | D:9      | Reached skill level 9 in Armour
  8635 | Orc:1    | Entered Level 1 of the Orcish Mines
  8642 | Orc:1    | Reached ***** piety under Lugonu
  8768 | Orc:1    | Found a roughly hewn altar of Beogh.
  9102 | Orc:1    | Noticed an orc sorcerer
  9104 | Orc:1    | Noticed an orange demon
  9119 | Orc:1    | Killed an orc sorcerer
  9481 | Orc:2    | Entered Level 2 of the Orcish Mines
  9525 | Orc:2    | Reached XP level 11. HP: 52/84 MP: 13/13
  9653 | Orc:2    | Found a staircase to the Elven Halls.
  9690 | Orc:2    | Noticed an orc knight
  9741 | Orc:2    | Killed an orc knight
  9925 | Orc:2    | Noticed an orc sorcerer
 10067 | Orc:2    | Paralysed by an orc sorcerer for 3 turns
 10069 | Orc:2    | HP: 1/84 [orc sorcerer/bolt of negative energy (23)]
 10069 | Orc:2    | Killed from afar by an orc priest

Skill      XL: |  1  2  3  4  5  6  7  8  9 10 |
---------------+-------------------------------+-----
Armour         | 2 3 4 5 7 8 9 |  9.7
Axes           | 2 3 4 5 7 |  7.3
Fighting       | 4 5 7 |  7.3
Dodging        | 1 2 |  2.4
Shields        | 1 2 3 5 7 8 |  8.7
Invocations    | |  2.8

Action                   |  1- 3 |  4- 6 |  7- 9 | 10-12 || total
-------------------------+-------+-------+-------+-------++-------
Melee: Hand axe          |   130 |   145 |    99 |       ||   374
       War axe           |       |       |   124 |   281 ||   405
Invok: Depart the Abyss  |     1 |       |       |       ||     1
  Use: Scroll            |     4 |     5 |    16 |     3 ||    28
       Potion            |       |     1 |       |       ||     1
  Eat: Chunk             |     2 |    10 |    10 |     9 ||    31
       Fruit             |       |       |     2 |       ||     2
       Meat ration       |       |       |     1 |       ||     1
       Pizza             |       |       |     1 |       ||     1
Armor: Plate armour      |   118 |    55 |    91 |   142 ||   406
Dodge: Dodged            |    31 |    14 |    29 |    42 ||   116
Block: Buckler           |    33 |     8 |       |       ||    41
       Shield            |       |    79 |   220 |   181 ||   480
       Reflection        |       |       |     9 |    11 ||    20
       Large shield      |       |       |       |   165 ||   165
